 Dungeon Crawl Stone Soup version 0.22-a0-181-gb22368a (webtiles) character file.

2 Amnesiac the Magician (level 1, -2/13 HPs)
             Began as a Mummy Earth Elementalist on Feb 14, 2018.
             Killed from afar by Jessica (7 damage)
             ... with a wand of flame (29)
             ... on level 2 of the Dungeon.
             The game lasted 00:00:31 (204 turns).

Amnesiac the Magician (Mummy Earth Elementalist)     Turns: 204, Time: 00:00:31

Health: -2/13      AC:  2    Str: 11    XL:     1   Next: 25%
Magic:  2/4        EV: 12    Int: 14    God:
Gold:   11         SH:  0    Dex: 12    Spells: 4/5 levels left

rFire    x . .     SeeInvis .   (no weapon)
rCold    + . .     Gourm    .   (no shield)
rNeg     + + +     Faith    .   c - +0 robe
rPois    ∞         Spirit   .   (no helmet)
rElec    .         Reflect  .   (no cloak)
rCorr    .         Harm     .   (no gloves)
MR       .....                  (no boots)
Stlth    ++........             (no amulet)
HPRegen  0.04/turn              (no ring)
MPRegen  0.09/turn              (no ring)

@: very slightly contaminated
A: no food or potions, fire vulnerability, cold resistance 1, negative energy
resistance 3, torment resistance, unbreathing
a: no special abilities


You were on level 2 of the Dungeon.
You were not hungry.

You visited 1 branch of the dungeon, and saw 2 of its levels.

You collected 11 gold pieces.

Inventory:

Missiles
 b - 28 stones (quivered)
Armour
 c - a +0 robe (worn)
Books
 d - a book of Geomancy

   Spells                             Type                      Level
   a - Sandblast                      Earth                        1
   b - Passwall                       Transmutation/Earth          2
   c - Stone Arrow                    Conjuration/Earth            3
   d - Petrify                        Transmutation/Earth          4
   e - Lee's Rapid Deconstruction     Earth                        5


   Skills:
 - Level 1.5 Dodging
 - Level 1.5 Stealth
 - Level 2.6 Spellcasting
   Level 0.7 Transmutations
 + Level 2.5 Earth Magic


You had 4 spell levels left.
You knew the following spells:

 Your Spells              Type           Power        Failure   Level  Hunger
a - Sandblast             Erth           #.....       8%          1    N/A

Dungeon Overview and Level Annotations

Branches:
Dungeon (2/15)

Altars:
Hepliaklqana

Annotations:
D:2 Jessica, Sigmund


Innate Abilities, Weirdness & Mutations

You do not eat or drink.
Your flesh is vulnerable to fire.
You are immune to poison.
Your flesh is cold resistant. (rC+)
You are immune to negative energy. (rN+++)
You are immune to unholy pain and torment.
You can survive without breathing.


Message History

There is a stone staircase leading up here.
You climb upwards.
A frilled lizard and a rat come into view.
Found 11 gold pieces.
There is a stone staircase leading down here.
There is a stone staircase leading down here.
You climb downwards.
There is a stone staircase leading up here.
Found a stone staircase leading down.
Sigmund the Dreaded comes into view.
He is wielding a scythe.
A hobgoblin comes into view. It is wielding a club.
Casting: Sandblast (safe; 9% risk of failure)
Confirm with . or Enter, or press ? or * to list all spells.
Aiming: Sandblast (safe; 9% risk of failure)
Press: ? - help, Shift-Dir - straight line, f - hobgoblin
Aim: a hobgoblin, wielding a club (resting)
The blast of sand hits the hobgoblin.
You kill the hobgoblin!
b - 29 stones Unknown command.
Found 16 arrows.
Things that are here:
a club; a hobgoblin corpse Magic restored.
Found a hazy altar of Hepliaklqana.
Found a ring mail.
Found a hand axe.
Found 14 sling bullets.
You now have 11 gold pieces.
Jessica the Apprentice Sorceress comes into view.
Jessica shouts!
Jessica zaps a wand.
The puff of flame hits you! The fire burns you terribly!
Ouch! That really hurt!
* * * LOW HITPOINT WARNING * * *
It is a wand of flame (29).
You start resting.
Casting: Sandblast (safe; 8% risk of failure)
Confirm with . or Enter, or press ? or * to list all spells.
Aiming: Sandblast (safe; 8% risk of failure)
Press: ? - help, Shift-Dir - straight line, f - Jessica
Aim: Jessica, wearing a robe and carrying a wand of flame (29)
The blast of sand misses Jessica.
b - 28 stones Jessica shouts, "Stop bothering me, or I'll kill you!"
Jessica casts a spell.
Jessica blinks!
Casting: Sandblast (safe; 8% risk of failure)
Confirm with . or Enter, or press ? or * to list all spells.
You can't see any susceptible monsters within range! (Use Z to cast anyway.)
Casting: Sandblast (safe; 8% risk of failure)
Confirm with . or Enter, or press ? or * to list all spells.
You can't see any susceptible monsters within range! (Use Z to cast anyway.)
You start resting.
Casting: Sandblast (safe; 8% risk of failure)
Confirm with . or Enter, or press ? or * to list all spells.
Aiming: Sandblast (safe; 8% risk of failure)
Press: ? - help, Shift-Dir - straight line, f/p - Jessica
Aim: Jessica, wearing a robe and carrying a wand of flame (29)
You miscast Sandblast.
You are very lightly contaminated with residual magic.
You feel momentarily lethargic.
Jessica zaps a wand.
The puff of flame hits you! The fire burns you terribly!
Ouch! That really hurt!
You die...

#.#..#...# #. #.#
#.#.#.# ###.# #.#
#.#...# # #[..# #.#
#.#.@## .# #...# #.##
#.#..##..# #...# #...
#........# #...# ##.##
####.#######...####...#
#.#......##......_..
#.#@####.##.##.#...#
#.#.####.#..##.##.##
#.§.@.......##....#
###.####.#..#####.#
#.####.#..# #.#
#......#.## .#
########.# #.) ###


You could see Jessica.

Vanquished Creatures
  A hobgoblin (D:2)
  A rat (D:1)
2 creatures vanquished.

Notes
Turn   | Place    | Note
-------+----------+-------------------------------------------
     0 | D:1      | Amnesiac the Mummy Earth Elementalist began the quest for the Orb.
     0 | D:1      | Reached XP level 1. HP: 13/13 MP: 4/4
    40 | D:2      | Noticed Sigmund
   140 | D:2      | Found a hazy altar of Hepliaklqana.
   185 | D:2      | Noticed Jessica
   204 | D:2      | Killed from afar by Jessica

Vault maps used:
D:1:      lemuel_arrival_broad_hall
D:2:      nicolae_overflow_crystal_walls, first_ration, uniq_jessica,
          uniq_sigmund

Action                   || total
-------------------------++-------
Melee: Unarmed           ||     2
 Cast: Sandblast         ||     2

Table legend:
 A = Spawn XP
 B = Non-spawn XP
 C = Spawn XP percentage of total XP
 D = Spawn monster count
 E = Non-spawn monster count
 F = Spawn count percentage of total count
 G = Total turns spent on level
                    A         B        C        D         E        F      G
               +---------+---------+-------+---------+---------+-------+---------
         Total |       0 |       3 |   0.0 |       0 |       2 |   0.0 |   204
               +---------+---------+-------+---------+---------+-------+---------
           D:1 |       0 |       1 |   0.0 |       0 |       1 |   0.0 |    28
           D:2 |       0 |       2 |   0.0 |       0 |       1 |   0.0 |   176
               +---------+---------+-------+---------+---------+-------+---------
